 Dungeon Crawl Stone Soup version 0.25.1-2-g60ff931df9 (webtiles) character file.

Game seed: 9432838787107737965

4279 Martska the Fighter (level 10, -10/110 HPs)
             Began as an Ogre Hunter on Oct 18, 2020.
             Was a Follower of Trog.
             Killed from afar by a steam dragon (21 damage)
             ... with a ball of steam
             ... on level 8 of the Dungeon.
             The game lasted 00:15:16 (12201 turns).

Martska the Fighter (Ogre Hunter)                  Turns: 12201, Time: 00:15:16

Health: -10/110    AC:  3    Str: 21    XL:     10   Next: 32%
Magic:  13/13      EV: 14    Int: 12    God:    Trog [*.....]
Gold:   452        SH:  0    Dex:  9    Spells: 9/9 levels left

rFire    . . .     SeeInvis .   s - +0 giant spiked club
rCold    . . .     Gourm    .   (shield currently unavailable)
rNeg     . . .     Faith    .   b - +0 robe
rPois    .         Spirit   .   (helmet restricted)
rElec    .         Reflect  .   (no cloak)
rCorr    +         Harm     .   (gloves unavailable)
MR       +....                  (boots unavailable)
Stlth    +.........             (no amulet)
HPRegen  0.28/turn              a - +4 ring of evasion
MPRegen  0.13/turn              t - ring of resist corrosion

@: hasted, very quick
A: large, unfitting armour, tough skin 1
a: Berserk, Renounce Religion


You were on level 8 of the Dungeon.
You worshipped Trog.
Trog was aware of your devotion.
You were not hungry.

You visited 1 branch of the dungeon, and saw 8 of its levels.

You collected 452 gold pieces.

Inventory:

Hand Weapons
 i - a +0 mace
 s - a +0 giant spiked club (weapon)
Missiles
 l - 3 javelins
 D - 2 large rocks (quivered)
Armour
 b - a +0 robe (worn)
Jewellery
 a - a +4 ring of evasion (left hand)
 q - an uncursed ring of fire
 t - a ring of resist corrosion (right hand)
 C - the ring of Mistrust {+Fly rElec Int+4 Dex+3, unknown}
   (You found it on level 7 of the Dungeon)

   [ring of flight]

   It affects your intelligence (+4).
   It affects your dexterity (+3).
   It insulates you from electricity.
   It lets you fly.
Wands
 p - a wand of random effects (12)
 w - a wand of iceblast (14)
 y - a wand of acid (9)
 A - a wand of flame (24)
Scrolls
 e - 2 scrolls of identify
 g - 2 scrolls of enchant armour
 h - a scroll of random uselessness
 j - a scroll of noise
 k - 5 scrolls of remove curse
 o - a scroll of magic mapping
 u - a scroll of fear {unknown}
 x - a scroll of enchant weapon {unknown}
 z - a scroll of teleportation
 B - a scroll of vulnerability {unknown}
Potions
 d - a potion of haste
 m - a potion of might
 n - 2 potions of stabbing
 r - 2 potions of curing
 v - a potion of lignification
Comestibles
 c - a chunk of flesh
 f - 9 rations


   Skills:
 + Level 9.9 Fighting
 * Level 8.2 Maces & Flails
 + Level 8.3 Throwing
 - Level 2.0 Dodging
 - Level 0.6 Stealth
 * Level 4.1 Evocations


You had 9 spell levels left.
You didn't know any spells.
Your spell library was empty.

Dungeon Overview and Level Annotations

Branches:
Dungeon (8/15)             Temple (0/1) D:6
   Lair: D:8-11

Altars:
Ashenzari
Cheibriados
Okawaru
Ru
Trog
Uskayaw

Annotations:
D:7 5 runed translucent doors


Innate Abilities, Weirdness & Mutations

You are too large for most types of armour.
You have tough skin. (AC +1)


Message History

The slime creature hits you! x2
* * * LOW HITPOINT WARNING * * *
You feel yourself speed up. The slime creature hits you!
* * * LOW HITPOINT WARNING * * *
There is an open door here.
Throwing (i - inventory. (/) - cycle)
D - 4 large rocks (quivered)
Press: ? - help, Shift-Dir - straight line, f - slime creature
Aim: a slime creature (severely wounded)
You throw a large rock.
The large rock hits the slime creature!!!
You kill the slime creature!
Trog accepts your kill.
Throwing (i - inventory. (/) - cycle)
D - 3 large rocks (quivered)
Press: ? - help, Shift-Dir - straight line, f - steam dragon
Aim: a steam dragon You throw a large rock.
The large rock hits the steam dragon!!
The steam dragon is almost dead.
The steam dragon breathes steam at you. The ball of steam hits you!!
You die...

....).......###.##...##.## ###..
............##..#.###(#..# #....
............##.##..)..##.## #.###
............#..#.#####.#..# #.#
###.........#.##.......##.###.#
#...........#.#######.#..##.#
######.#...##.........##....##
###...#########...#####...##
###.).###..#.@§§...D.#.####...
####...###..#...#######W##.#####.
.....###...#....# ...#.###.## ##
...###..#...#...# #.#.# ##.####
.##'...#...#..#.# #.J[## ##....
...###..#...#.#.#.###.#..###.####
.....###...#..#.#W..D.#..##.## ##
#......###..#.#.#######..#.#####.
###......###..#...).....#.####..)


There were no monsters in sight!

Vanquished Creatures
  A two-headed ogre (D:8)
  2 hippogriffs (D:7)
  A slime creature (D:8)
  A wyvern (D:8)
  A steam dragon (D:8)
  An ice beast (D:5)
  2 orc warriors (D:6)
  3 black bears (D:6)
  3 sky beasts
  3 ogres
  5 centaurs
  A bullfrog (D:6)
  A gnoll sergeant (D:8)
  A killer bee (D:8)
  3 howler monkeys
  4 wights (D:6)
  3 crimson imps (D:8)
  2 hounds
  4 orc wizards
  3 orc priests
  A bullfrog skeleton (D:7)
  A jelly (D:6)
  2 iguanas
  3 worker ants
  2 hound skeletons
  9 adders
  9 gnolls
  A shadow imp (D:7)
  An ooze (D:3)
  An adder zombie (D:8)
  2 adder skeletons (D:8)
  3 worms
  7 dart slugs
  6 leopard geckos
  21 orcs
  4 ball pythons
  9 bats
  8 giant cockroaches
  4 goblins
  10 hobgoblins
  8 jackals
  A quokka (D:4)
  3 frilled lizards
  8 kobolds
  A leopard gecko zombie (D:6)
  7 rats
177 creatures vanquished.

Notes
Turn   | Place    | Note
-------+----------+-------------------------------------------
     0 | D:1      | Martska the Ogre Hunter began the quest for the Orb.
     0 | D:1      | Reached XP level 1. HP: 22/22 MP: 1/1
   448 | D:1      | Reached skill level 3 in Fighting
   464 | D:1      | Reached XP level 2. HP: 29/31 MP: 2/2
  1039 | D:1      | Reached XP level 3. HP: 37/37 MP: 3/3
  1101 | D:1      | Reached skill level 1 in Maces & Flails
  2264 | D:2      | Reached XP level 4. HP: 38/48 MP: 4/4
  2360 | D:2      | Reached skill level 4 in Fighting
  2619 | D:2      | Noticed a sky beast
  2621 | D:2      | Noticed a centaur
  2623 | D:2      | Killed a sky beast
  2623 | D:2      | Reached skill level 5 in Throwing
  2623 | D:2      | Reached XP level 5. HP: 50/55 MP: 5/5
  2624 | D:2      | Killed a centaur
  2624 | D:2      | Reached skill level 5 in Fighting
  2624 | D:2      | Reached XP level 6. HP: 37/66 MP: 6/6
  4406 | D:4      | Reached skill level 6 in Fighting
  4406 | D:4      | Reached XP level 7. HP: 58/75 MP: 7/7
  5294 | D:4      | Found a bloodstained altar of Trog.
  5305 | D:4      | Became a worshipper of Trog the Wrathful
  5497 | D:5      | Entered Level 5 of the Dungeon
  5859 | D:5      | Reached skill level 7 in Fighting
  5859 | D:5      | Reached XP level 8. HP: 51/87 MP: 8/8
  7130 | D:5      | Reached skill level 5 in Maces & Flails
  7488 | D:6      | Reached skill level 8 in Fighting
  7666 | D:6      | Found a staircase to the Ecumenical Temple.
  8122 | D:6      | Reached XP level 9. HP: 97/97 MP: 9/9
  8233 | D:6      | Found a shattered altar of Ashenzari.
  8233 | D:6      | Found a sacrificial altar of Ru.
  8285 | D:6      | Found a snail-covered altar of Cheibriados.
  8287 | D:6      | Found an iron altar of Okawaru.
  8289 | D:6      | Found a hide-covered altar of Uskayaw.
  9238 | D:7      | Reached skill level 9 in Fighting
  9238 | D:7      | Reached skill level 1 in Evocations
  9796 | D:7      | Got a coiled bronze ring
  9848 | D:7      | Found a runed translucent gate.
  9855 | D:7      | Reached * piety under Trog
  9859 | D:7      | Found a runed translucent door.
  9859 | D:7      | Found a runed translucent gate.
  9866 | D:7      | Found the +9 staff of Olgreb {rPois∞}
  9869 | D:7      | Found a runed translucent door.
  9899 | D:7      | Found a runed translucent gate.
 10279 | D:8      | Noticed a two-headed ogre
 10291 | D:8      | Killed a two-headed ogre
 10291 | D:8      | Reached XP level 10. HP: 19/107 MP: 10/12
 12201 | D:8      | Killed from afar by a steam dragon

Illustrated notes

Levels and vault maps discovered:
D:1:      erik_arrival_blinker_ship, layout_loops_ring, minivault_5,
          corexii_item_surrounded_by_moat
D:2:      layout_loops_corners
D:3:      layout_rooms
D:4:      layout_basic, lightli_temple_of_fire, first_ration
D:5:      layout_loops_cross, guppyfry_early_orc_mine
D:6:      layout_basic, chequers_temple_overflow_minitemple,
          minmay_temple_entry_wispy, minmay_misc_feat_plants
D:7:      layout_basic, minmay_guarded_unrand_staff_of_olgreb
D:8:      minmay_the_grid_four_pointed_star
          [minmay_the_grid_triangle_9x9_minimal,
          minmay_the_grid_triangle_9x9_negative_grid,
          minmay_the_grid_triangle_9x9_zippers_horizontal,
          minmay_the_grid_triangle_9x9_flanged_cone,
          minmay_the_grid_prize_shrinking_boxes], layout_basic, serial_curves,
          eino_curves_04, eino_curves_01

Skill      XL: |  1  2  3  4  5  6  7  8  9 10 |
---------------+-------------------------------+-----
Fighting       | 3 4 5 6 7 8 9 |  9.9
Dodging        | 2 |  2.0
Maces & Flails | 1 2 3 4 6 7 8 |  8.2
Throwing       | 5 6 7 8 |  8.3
Evocations     | 3 4 |  4.1
Stealth        | |  0.6

Action                   |  1- 3 |  4- 6 |  7- 9 | 10-12 || total
-------------------------+-------+-------+-------+-------++-------
Melee: Short sword       |    21 |       |       |       ||    21
       Mace              |   130 |   116 |    33 |     4 ||   283
       Giant spiked club |       |       |   187 |    79 ||   266
Throw: Large rock        |     4 |    21 |    57 |    10 ||    92
       Throwing net      |       |       |     2 |       ||     2
  Use: Scroll            |       |     4 |     7 |       ||    11
       Potion            |       |       |       |     3 ||     3
 Stab: Sleeping          |       |       |       |     1 ||     1
  Eat: Chunk             |     4 |     7 |    12 |     3 ||    26
       Ration            |       |       |     2 |     1 ||     3
Armor: Robe              |    76 |    33 |    57 |    11 ||   177
Dodge: Dodged            |   106 |    73 |   241 |    87 ||   507
